 Dungeon Crawl Stone Soup version 0.18.1-5-g4a78601 (webtiles) character file.

12560 Scarto the Blocker (level 11, -5/86 HPs)
             Began as a Demonspawn Fighter on May 10, 2016.
             Was a High Priest of Trog.
             Slain by a death knight
             ... wielding a +3 great sword
              (20 damage)
             ... on level 13 of the Dungeon.
             The game lasted 00:25:21 (12643 turns).

Scarto the Blocker (Demonspawn Fighter)            Turns: 12643, Time: 00:25:22

Health: -5/86      AC: 19    Str: 19    XL:     11   Next: 64%
Magic:  6/6        EV:  8    Int:  9    God:    Trog [*****.]
Gold:   411        SH: 20    Dex:  8    Spells: 0 memorised, 10 levels left

rFire  + + .     SeeInvis +     k - +6 scimitar "Xuraups" {antimagic, rElec rF+ Dex-4}
rCold  . . .     Gourm    .     B - +2 scale mail of Charity {MP+9 SInv}
rNeg   . . .     Faith    .     j - +4 large shield
rPois  +         Spirit   .     (helmet unavailable)
rElec  +         Dismiss  .     d - +1 cloak
rCorr  .         Reflect  .     (no gloves)
SustAt .         Harm     .     (no boots)
MR     ++...                    (no amulet)
Stlth  ++........               b - ring of poison resistance
                                y - ring of see invisible (curse)

@: exhausted, regenerating, slowed, very slow, very resistant to hostile
enchantments, unstealthy
A: antennae 3, rough black scales 2, fire resistance 1, nightstalker 1, wild
magic 1, no device heal 1
a: Berserk, Trog's Hand, Brothers in Arms, Burn Spellbooks, Renounce Religion


You were on level 13 of the Dungeon.
You worshipped Trog.
Trog was extremely pleased with you.
You were not hungry.

You visited 1 branch of the dungeon, and saw 12 of its levels.

You collected 618 gold pieces.
You spent 207 gold pieces at shops.

Inventory:

Hand Weapons
 c - a +4 hand crossbow of flaming
 k - the +6 scimitar "Xuraups" (weapon) {antimagic, rElec rF+ Dex-4}
   (You took it off an orc on level 8 of the Dungeon)

   It disrupts the flow of magical energy around spellcasters and certain
   magical creatures (including the wielder).
   It affects your dexterity (-4).
   It protects you from fire.
   It insulates you from electricity.
 p - a +5 trident of venom
Missiles
 e - 10 bolts
 f - 8 tomahawks (quivered)
 x - 2 steel javelins
Armour
 d - a +1 cloak (worn)
 j - a +4 large shield (worn)
 B - the +2 scale mail of Charity (worn) {MP+9 SInv}
   (You bought it in a shop on level 7 of the Dungeon)

   It affects your magic capacity (+9).
   It lets you see invisible.
Jewellery
 b - a ring of poison resistance (right hand)
 i - a +2 ring of evasion {unknown}
 y - a cursed ring of see invisible (left hand)
 C - an uncursed ring of protection from magic
Wands
 r - a wand of paralysis (18/24)
 E - a wand of slowing (23/48)
 F - a wand of teleportation (2/9)
Scrolls
 g - 3 scrolls of identify
 h - 5 scrolls of teleportation
 t - 2 scrolls of remove curse
Potions
 a - a potion of flight
 l - 2 potions of curing
 o - a potion of might
 q - a potion of agility
 s - 3 potions of berserk rage {unknown}
 u - 2 potions of brilliance {unknown}
 v - 3 potions of heal wounds {unknown}
 z - 2 potions of mutation {unknown}
 A - 2 potions of lignification {unknown}
 D - a potion of resistance {unknown}
Comestibles
 m - a fruit
 n - 6 meat rations
 w - 4 bread rations
 G - 4 chunks of flesh


   Skills:
 + Level 7.9 Fighting
 + Level 5.6 Long Blades
 + Level 5.7 Polearms
 + Level 0.5 Crossbows
 + Level 7.7 Armour
 + Level 7.2 Dodging
 + Level 3.1 Stealth
 + Level 9.1 Shields


You had 10 spell levels left.
You didn't know any spells.

Dungeon Overview and Level Annotations

Branches:
Dungeon (11/15)            Temple (0/1) D:7            Lair (0/8) D:9
    Orc (0/2) D:10

Altars:
Ashenzari
Cheibriados
Fedhas
Gozag
Pakellas
Qazlal
Trog
Yredelemnul

Shops:
D:6 }   D:7 [   D:8 %


Innate Abilities, Weirdness & Mutations

You have a pair of large antennae on your head (SInv).
You are mostly covered in rough black scales (AC +7, Dex -2).
Your flesh is heat resistant.
You are slightly more attuned to the shadows.
Your spells are a little harder to cast, but a little more powerful.
Potions and wands are less effective at restoring your health.


Message History

The death knight is almost dead.
The death knight hits you with an enchanted great sword!
Your shield prevents you from hitting the death knight.
The death knight is almost dead.
You block the death knight's attack.
Unknown command.
You hit the death knight but do no damage.
The death knight is almost dead.
You block the death knight's attack.
The death knight hits you with an enchanted great sword!!
* * * LOW HITPOINT WARNING * * *
Unknown command.
You closely miss the death knight.
The death knight is almost dead.
The death knight hits you but does no damage.
Unknown command.
You hit the death knight but do no damage.
The death knight is almost dead.
The death knight hits you with an enchanted great sword!!
You die...

#######.# #.#
#.# #..# #.#
#..#
#######.######
..#
..............
..#
#######.######
#.# #.# #p#
##.########@#
#...........#
##.##########
###


You could see a death knight.

Vanquished Creatures
  A death knight (D:11)
  Nergalle (D:10)
  An unseen horror (D:10)
  2 hill giants
  2 ugly things (D:11)
  A komodo dragon (D:10)
  2 trolls (D:9)
  2 two-headed ogres
  A spriggan (D:7)
  3 hungry ghosts
  2 wyverns
  A hippogriff (D:11)
  A steam dragon (D:8)
  Menkaure (D:4)
  2 wargs (D:10)
  A mottled dragon (D:11)
  Edmund (D:4)
  3 orc warriors
  4 necrophages
  A phantom (D:10)
  An eye of draining (D:10)
  3 sky beasts
  2 ice beasts
  The ghost of Shenda the Changer, an amateur DrTm (D:3)
  A wasp (D:9)
  6 ogres
  11 centaurs
  A crocodile (D:10)
  6 big kobolds
  4 giant frogs
  5 scorpions
  4 wights (D:9)
  An electric eel (D:6)
  2 howler monkeys
  4 crimson imps
  A jelly (D:8)
  A wasp zombie (D:6)
  2 centaur zombies
  A giant frog zombie (D:9)
  7 hounds
  3 quasits
  7 orc priests
  3 giant frog skeletons
  An iguana (D:7)
  5 centaur skeletons
  12 orc wizards
  7 worker ants
  3 hound skeletons
  2 howler monkey zombies (D:9)
  A worker ant zombie (D:7)
  8 gnolls (D:6)
  13 adders
  2 shadow imps
  2 oozes
  4 adder skeletons
  3 worms
  A dart slug (D:3)
  4 giant geckos
  55 orcs
  9 bats
  3 giant cockroaches
  29 hobgoblins
  18 jackals
  6 quokkas
  A ball python (D:2)
  A giant gecko zombie (D:9)
  5 giant newts
  39 goblins
  12 kobolds
  A quokka zombie (D:5)
  6 rats
  A bush (D:9)
  A plant (D:9)
365 creatures vanquished.

Vanquished Creatures (others)
  An orc (D:8)
  2 plants (D:9)
3 creatures vanquished.

Grand Total: 368 creatures vanquished

Notes
Turn   | Place    | Note
--------------------------------------------------------------
     0 | D:1      | Scarto the Demonspawn Fighter began the quest for the Orb.
     0 | D:1      | Reached XP level 1. HP: 18/18 MP: 1/1
   181 | D:1      | Gained mutation: You are slightly more attuned to the shadows. [demonic ancestry]
   181 | D:1      | Reached XP level 2. HP: 21/24 MP: 2/2
   472 | D:1      | Reached skill level 3 in Shields
   908 | D:2      | Reached XP level 3. HP: 12/29 MP: 3/3
  1800 | D:2      | Found a bloodstained altar of Trog.
  1835 | D:2      | Became a worshipper of Trog the Wrathful
  1994 | D:2      | Reached skill level 1 in Dodging
  2136 | D:3      | Gained mutation: You have a pair of small antennae on your head. [demonic ancestry]
  2136 | D:3      | Reached XP level 4. HP: 35/35 MP: 4/4
  2318 | D:3      | Noticed Shenda's ghost (amateur DrTm)
  2895 | D:3      | Found a faded altar to an unknown god.
  3087 | D:3      | Killed Shenda's ghost
  3087 | D:3      | Gained mutation: Your flesh is heat resistant. [demonic ancestry]
  3087 | D:3      | Reached XP level 5. HP: 5/41 MP: 5/5
  3470 | D:4      | Reached * piety under Trog
  3599 | D:4      | Reached XP level 6. HP: 34/48 MP: 6/6
  3650 | D:4      | Noticed Menkaure
  3663 | D:4      | Killed Menkaure
  3676 | D:4      | HP: 2/48 [something (1)]
  3683 | D:4      | Reached skill level 1 in Stealth
  4057 | D:4      | Noticed Edmund
  4069 | D:4      | Killed Edmund
  4069 | D:4      | Gained mutation: You are partially covered in rough black scales (AC +4, Dex -1). [demonic ancestry]
  4069 | D:4      | Reached XP level 7. HP: 32/54 MP: 7/7
  4128 | D:4      | Reached skill level 4 in Shields
  4321 | D:5      | Entered Level 5 of the Dungeon
  4334 | D:5      | Reached ** piety under Trog
  4347 | D:5      | Reached skill level 5 in Armour
  4766 | D:5      | Reached XP level 8. HP: 49/61 MP: 8/8
  5002 | D:6      | Reached *** piety under Trog
  5627 | D:6      | Reached skill level 5 in Fighting
  5667 | D:6      | Found Sietunuf's Gadget Shop.
  5829 | D:6      | Reached skill level 5 in Shields
  6053 | D:6      | Reached **** piety under Trog
  6112 | D:6      | Reached skill level 5 in Polearms
  6257 | D:6      | Received a gift from Trog
  6602 | D:7      | Found a staircase to the Ecumenical Temple.
  6647 | D:7      | Found a stormy altar of Qazlal.
  6672 | D:7      | Gained mutation: You have a pair of antennae on your head. [demonic ancestry]
  6672 | D:7      | Reached XP level 9. HP: 68/68 MP: 9/9
  6879 | D:7      | Found Juub's Antique Armour Shoppe.
  6882 | D:7      | Bought a smoking scale mail for 207 gold pieces
  6892 | D:7      | Identified the +2 scale mail of Charity {MP+9 SInv} (You bought it in a shop on level 7 of the Dungeon)
  7405 | D:8      | Found an oddly glowing altar of Pakellas.
  7474 | D:8      | Reached ***** piety under Trog
  7474 | D:8      | Reached skill level 6 in Shields
  7578 | D:8      | Got an encrusted scimitar {antimagic}
  7579 | D:8      | Identified the +6 scimitar "Xuraups" {antimagic, rElec rF+ Dex-4} (You took it off an orc on level 8 of the Dungeon)
  7735 | D:8      | Reached skill level 5 in Dodging
  7785 | D:8      | Reached skill level 1 in Long Blades
  7960 | D:8      | Found Hocke's Food Shoppe.
  8091 | D:9      | Found a blossoming altar of Fedhas.
  8121 | D:9      | Found a staircase to the Lair.
  8248 | D:9      | Gained mutation: You have a pair of large antennae on your head (SInv). [demonic ancestry]
  8248 | D:9      | Reached XP level 10. HP: 29/77 MP: 6/10
  8792 | D:9      | Found a snail-covered altar of Cheibriados.
  8900 | D:9      | Reached skill level 7 in Shields
  9420 | D:9      | Found an opulent altar of Gozag.
  9420 | D:9      | Found a basalt altar of Yredelemnul.
  9973 | D:10     | Entered Level 10 of the Dungeon
 10026 | D:10     | Noticed a hill giant
 10042 | D:10     | Killed a hill giant
 10522 | D:10     | Noticed Nergalle
 10531 | D:10     | Killed Nergalle
 10687 | D:10     | Found a staircase to the Orcish Mines.
 10700 | D:10     | Reached skill level 8 in Shields
 11037 | D:10     | Noticed an unseen horror
 11088 | D:10     | Killed an unseen horror
 11088 | D:10     | Gained mutation: You are mostly covered in rough black scales (AC +7, Dex -2). [demonic ancestry]
 11088 | D:10     | Reached XP level 11. HP: 33/84 MP: 6/11
 11213 | D:10     | Gained mutation: Your body sometimes deteriorates upon taking damage. [mutagenic meat]
 11214 | D:10     | Gained mutation: Your spells are a little harder to cast, but a little more powerful. [mutagenic meat]
 11694 | D:11     | Received a gift from Trog
 11720 | D:11     | Noticed a death knight
 11741 | D:11     | Killed a death knight
 11772 | D:11     | Noticed a hill giant
 11778 | D:11     | Killed a hill giant
 11778 | D:11     | Reached skill level 5 in Long Blades
 12164 | D:11     | Noticed a red ugly thing
 12174 | D:11     | Killed a red ugly thing
 12189 | D:11     | Lost mutation: Your body sometimes deteriorates upon taking damage. [mutagenic meat]
 12249 | D:11     | Found a shattered altar of Ashenzari.
 12306 | D:11     | Reached skill level 9 in Shields
 12341 | D:11     | Noticed a brown ugly thing
 12357 | D:11     | Killed a brown ugly thing
 12396 | D:11     | Gained mutation: Potions and wands are less effective at restoring your health. [mutagenic meat]
 12589 | D:11     | You fall through a shaft for 2 floors!
 12624 | D:13     | Noticed a death knight
 12643 | D:13     | Slain by a death knight

Skill      XL: |  1  2  3  4  5  6  7  8  9 10 11 |
---------------+----------------------------------+-----
Polearms       | 2 3 5 |  5.7
Shields        | 3 4 5 6 8 9 |  9.1
Armour         | 3 4 5 6 7 |  7.7
Dodging        | 1 2 3 4 5 6 7 |  7.2
Fighting       | 4 5 6 7 |  7.9
Stealth        | 1 2 3 |  3.1
Long Blades    | 1 4 5 |  5.6
Crossbows      | |  0.5

Action                   |  1- 3 |  4- 6 |  7- 9 | 10-12 || total
-------------------------+-------+-------+-------+-------++-------
Melee: Trident           |   177 |   160 |   455 |       ||   792
       Scimitar          |       |       |   113 |   516 ||   629
 Fire: Hand crossbow     |       |       |       |     5 ||     5
Invok: Berserk           |       |     1 |     1 |     6 ||     8
       Trog's Hand       |       |       |       |     4 ||     4
  Use: Scroll            |       |     3 |    16 |     4 ||    23
       Potion            |       |     2 |       |     3 ||     5
 Stab: Sleeping          |     1 |     2 |     5 |     4 ||    12
       Distracted        |       |       |     1 |     1 ||     2
  Eat: Bread ration      |     1 |     2 |       |     5 ||     8
       Chunk             |       |     1 |    12 |     8 ||    21
       Beef jerky        |       |       |     2 |       ||     2
       Meat ration       |       |       |     1 |       ||     1
       Royal jelly       |       |       |     1 |       ||     1
       Fruit             |       |       |     1 |       ||     1
       Pizza             |       |       |     1 |       ||     1
Armor: Scale mail        |    60 |    44 |   250 |   212 ||   566
Dodge: Dodged            |    41 |    37 |   142 |   155 ||   375
Block: Shield            |    67 |    67 |   179 |       ||   313
       Large shield      |       |       |   220 |   566 ||   786
